 Dungeon Crawl Stone Soup version 0.25-a0-42-g6c54e25894 (webtiles) character file.

Game seed: 5771010507393752418, levelgen mode: deterministic

149 eSaltcracker the Cudgeler (level 5, -2/33 HPs)
             Began as a Gargoyle Monk on Oct 23, 2019.
             Killed by divine providence
             ... invoked by an orc priest
              (14 damage)
             ... on level 3 of the Dungeon.
             The game lasted 00:11:02 (2224 turns).

eSaltcracker the Cudgeler (Gargoyle Monk)           Turns: 2224, Time: 00:11:02

Health: -2/33      AC:  8    Str: 16    XL:     5   Next: 31%
Magic:  5/5        EV: 12    Int: 10    God:
Gold:   94         SH:  0    Dex: 12    Spells: 4/4 levels left

rFire    . . .     SeeInvis .   n - +1 flail
rCold    . . .     Gourm    .   (no shield)
rNeg     + . .     Faith    .   g - +0 leather armour
rPois    ∞         Spirit   .   (no helmet)
rElec    +         Reflect  .   (no cloak)
rCorr    .         Harm     .   (no gloves)
MR       .....                  e - +0 pair of boots
Stlth    ++........             (no amulet)
HPRegen  0.11/turn              (no ring)
MPRegen  0.09/turn              (no ring)

@: no status effects
A: negative energy resistance 1, electricity resistance, unbreathing,
petrification resistance, rot immunity, AC +4
a: no special abilities


You were on level 3 of the Dungeon.
You were not hungry.

You visited 1 branch of the dungeon, and saw 3 of its levels.

You collected 94 gold pieces.

Inventory:

Hand Weapons
 n - a +1 flail (weapon)
Armour
 e - a +0 pair of boots (worn)
 g - a +0 leather armour (worn)
Scrolls
 a - a scroll of remove curse
 h - 2 scrolls of teleportation
 j - a scroll of enchant weapon
 k - a scroll of amnesia
Potions
 i - a potion of degeneration {unknown}
 l - a potion of might {unknown}
 m - a potion of lignification {unknown}
Comestibles
 c - 5 rations


   Skills:
 + Level 4.0 Fighting
 * Level 4.4 Maces & Flails
 * Level 1.6 Armour
 - Level 2.8 Dodging
 * Level 3.1 Stealth


You had 4 spell levels left.
You didn't know any spells.
Your spell library was empty.

Dungeon Overview and Level Annotations

Branches:
Dungeon (3/15)

Altars:
Ru


Innate Abilities, Weirdness & Mutations

You are resistant to torment.
Your stone body is resilient. (AC +4)
You are immune to poison.
You resist negative energy. (rN+)
You are resistant to electric shocks. (rElec)
You can survive without breathing.
You are immune to petrification.
You are immune to rotting.


Message History

The orc priest shouts!
You hear a shout!
An orc wizard comes into view. It is wielding a +0 dagger.
An orc opens the door.
The orc priest invokes the aid of Beogh against you.
Beogh smites you! The orc hits you but does no damage.
The orc priest calls down the wrath of Beogh upon you.
Beogh smites you!
The orc wizard mumbles some strange words.
The orc wizard flickers and vanishes!
Deactivating autopickup; reactivate with Ctrl-A.
You hit the orc but do no damage. The orc misses you.
You hit the orc but do no damage. The orc closely misses you.
The iguana closely misses you.
You barely miss the orc. The orc hits you but does no damage.
The iguana bites you but does no damage.
You barely miss the orc. The orc hits you. The iguana closely misses you.
The orc priest invokes the aid of Beogh against you.
Beogh smites you!
You die...

#### ##....## #...#
.....#..############ ..#
##.....####........ #.#
.....##......######..#.#
.##.....####.........#.####
.#...####
#..#####.......### ...#.#
###.#####.##.##....
......#####l.....#
##.#####.
..#........o@.#..# #..# ##
######....o######...#.##
..#..#.....# ####.#
..#..#..#..# #..<.#
....{'._#..+ #.####
....######## # .... ..# #
.. #####


You could see an iguana, an orc priest and an orc.

Vanquished Creatures
  Jessica (D:2)
  6 adders
  2 oozes
  A dart slug (D:1)
  A worm (D:2)
  2 leopard geckos (D:1)
  2 ball pythons
  8 bats
  2 giant cockroaches
  7 hobgoblins (D:1)
  3 jackals (D:1)
  6 kobolds
  2 frilled lizards
  6 goblins
  4 rats
53 creatures vanquished.

Notes
Turn   | Place    | Note
-------+----------+-------------------------------------------
     0 | D:1      | eSaltcracker the Gargoyle Monk began the quest for the Orb.
     0 | D:1      | Reached XP level 1. HP: 14/14 MP: 1/1
   163 | D:1      | Reached XP level 2. HP: 17/19 MP: 2/2
   653 | D:1      | Reached XP level 3. HP: 23/23 MP: 3/3
  1186 | D:2      | Reached skill level 1 in Armour
  1186 | D:2      | Reached XP level 4. HP: 25/29 MP: 4/4
  1696 | D:2      | Noticed Jessica
  1728 | D:2      | Killed Jessica
  1728 | D:2      | Reached XP level 5. HP: 12/33 MP: 5/5
  2206 | D:3      | Found a sacrificial altar of Ru.
  2224 | D:3      | Killed from afar by an orc priest

Levels and vault maps discovered:
D:1:      eino_arrival_water_star, layout_loops_ring
D:2:      layout_rooms, kennysheep_pointless_box, minmay_distorted, uniq_jessica
D:3:      layout_rooms, lemuel_doored_altar, nicolae_overflow_hidden_temple,
          first_ration, hangedman_ru_absence

Skill      XL: |  1  2  3  4 |
---------------+-------------+-----
Armour         | 1 |  1.6
Fighting       | 4 |  4.0
Maces & Flails | 4 |  4.4
Stealth        | 3 |  3.1
Dodging        | |  2.8

Action                   |  1- 3 |  4- 6 || total
-------------------------+-------+-------++-------
Melee: Mace              |   130 |    45 ||   175
       Flail             |       |    42 ||    42
  Use: Scroll            |     1 |     5 ||     6
       Potion            |       |     1 ||     1
 Stab: Sleeping          |     4 |     1 ||     5
  Eat: Chunk             |       |     2 ||     2
       Ration            |       |     1 ||     1
Armor: Robe              |    61 |       ||    61
       Leather armour    |    10 |    47 ||    57
Dodge: Dodged            |   135 |    89 ||   224

Table legend:
 A = Non-vault XP
 B = Vault XP
 C = Vault XP percentage of total XP
 D = Non-vault monster count
 E = Vault monster count
 F = Vault count percentage of total count
                 A         B        C        D         E       F
            +---------+---------+-------+---------+---------+-------
      Total |     160 |      53 |  24.9 |      50 |       3 |   5.7
            +---------+---------+-------+---------+---------+-------
        D:1 |      65 |       0 |   0.0 |      32 |       0 |   0.0
        D:2 |      65 |      53 |  44.9 |      13 |       3 |  18.8
        D:3 |      30 |       0 |   0.0 |       5 |       0 |   0.0
            +---------+---------+-------+---------+---------+-------
